Map: [TLMC15] Curious Minds

Players

Zest - Winner!

  • Race: Protoss Protoss

Cyan

  • Race: Protoss Protoss

Event: DreamHack SC2 Masters 2021 Winter

VOD

Have the link to the VOD?

Description

Time

  • Played on: Nov. 10, 2021, 11:13 a.m.
  • Length: 10:20

All games in this series

Show
View Real Time Build Order
Export as new Build Order

Zest Protoss - Winner!

Build Orders: Oracle Opening 

Get SALT Encoding   

  12  0:00  Probe  
  13  0:12  Probe  
  14  0:18  Pylon  
  14  0:24  Probe (Chrono Boost)  
  15  0:37  Probe (Chrono Boost)  
  15  0:38  Gateway  
  16  0:45  Probe (Chrono Boost)  
  16  0:47  Assimilator  
  17  0:51  Probe  
  18  1:03  Probe (Chrono Boost)  
  19  1:04  Assimilator  
  19  1:08  Pylon  
  19  1:14  Probe (Chrono Boost)  
  20  1:19  Probe (Chrono Boost)  
  20  1:25  Cybernetics Core  
  21  1:29  Probe  
  24  1:41  Probe  
  25  1:53  Probe  
  26  1:59  Nexus  
  24  2:09  Stargate  
  24  2:16  Adept  
  24  2:20  Probe  
  27  2:24  Warp Gate  
  27  2:30  Pylon  
  27  2:32  Probe  
  27  2:45  Probe  
  27  2:47  Shield Battery  
  27  2:50  Oracle (Chrono Boost)  
  28  2:57  Probe  
  32  3:09  Probe  
  33  3:14  Probe  
  33  3:17  Oracle (Chrono Boost)  
  37  3:21  Probe  
  37  3:26  Probe  
  39  3:31  Gateway  
  39  3:33  Probe  
  40  3:36  Twilight Council  
  40  3:38  Probe (Chrono Boost)  
  42  3:50  Gateway, Probe (Chrono Boost)  
  42  3:51  Probe (Chrono Boost)  
  43  3:56  Probe (Chrono Boost)  
  43  3:58  Probe (Chrono Boost)  
  45  4:04  Blink (Chrono Boost), Probe  
  45  4:09  Probe  
  47  4:17  Probe  
  48  4:18  Pylon  
  48  4:20  Pylon  
  48  4:24  Stalker  
  50  4:28  Gateway  
  50  4:39  Assimilator  
  50  4:42  Probe x2, Pylon  
  52  4:46  Stalker x2  
  52  4:47  Stalker  
  58  4:59  Pylon  
  58  5:02  Gateway  
  58  5:10  Stalker x2  
  58  5:11  Stalker  
  64  5:21  Nexus  
  64  5:25  Pylon  
  64  5:34  Stalker x3  
  64  5:35  Stalker  
  72  5:39  Pylon  
  72  5:44  Pylon  
  72  6:09  Stalker x5  
  82  6:13  Pylon  
  82  6:16  Forge  
  82  6:32  Stalker  
  82  6:33  Stalker x4  
  82  6:34  Probe x2  
  82  6:37  Probe  
  95  6:46  Probe  
  96  6:52  Probe x2  
  96  6:53  Gateway  
  98  6:57  Stalker x2  
  98  6:58  Probe  
  98  6:59  Stalker  
  98  7:00  Stalker  
  107  7:04  Photon Cannon  
  107  7:10  Photon Cannon  
  107  7:24  Stalker x4  
  107  7:27  Stalker  
  99  7:52  Stalker  
  99  7:53  Stalker x3  
  99  7:55  Probe x2  
  99  7:56  Probe  
  110  8:01  Protoss Ground Weapons Level 1 (Chrono Boost)  
  110  8:05  Charge (Chrono Boost)  
  110  8:22  Gateway  
  110  8:23  Gateway  
  110  8:24  Gateway  
  110  8:25  Gateway  
  110  8:26  Gateway  
  108  8:38  Probe x3  
  108  8:40  Pylon  
  111  8:45  Zealot x3, Sentry  
  111  8:46  Zealot  
  121  8:52  Pylon  
  121  8:54  Pylon  
  121  9:03  Robotics Facility  
  121  9:08  Stalker  
  121  9:09  Stalker x3, Zealot  
  131  9:21  Zealot x5  
  137  9:34  Zealot x5  
  147  9:38  Pylon  
  147  9:40  Pylon  
  123  10:00  Stalker x6  
  123  10:01  Zealot x4  
Show
View Real Time Build Order
Export as new Build Order

Cyan Protoss 

Build Orders: 1 Gate Expand 

Get SALT Encoding   

  12  0:00  Probe  
  13  0:12  Probe  
  14  0:19  Pylon  
  14  0:24  Probe  
  15  0:37  Probe (Chrono Boost)  
  15  0:40  Gateway  
  16  0:47  Probe (Chrono Boost)  
  16  0:48  Assimilator  
  17  0:52  Probe (Chrono Boost)  
  18  1:04  Probe  
  20  1:20  Nexus  
  20  1:25  Probe  
  20  1:34  Cybernetics Core  
  20  1:38  Probe  
  21  1:49  Assimilator  
  22  1:54  Pylon  
  23  2:02  Probe  
  22  2:10  Stalker (Chrono Boost)  
  22  2:11  Warp Gate  
  22  2:14  Probe (Chrono Boost)  
  26  2:23  Probe (Chrono Boost)  
  26  2:25  Gateway  
  26  2:28  Probe (Chrono Boost)  
  26  2:35  Shield Battery  
  27  2:42  Stalker (Chrono Boost)  
  29  2:46  Probe  
  29  2:50  Probe  
  31  2:58  Probe  
  31  3:02  Probe  
  33  3:06  Shield Battery  
  33  3:10  Probe  
  34  3:14  Probe (Chrono Boost), Sentry  
  34  3:15  Stalker  
  39  3:22  Shield Battery  
  39  3:26  Probe (Chrono Boost)  
  41  3:28  Probe (Chrono Boost)  
  41  3:33  Probe (Chrono Boost)  
  42  3:36  Probe (Chrono Boost)  
  42  3:39  Twilight Council  
  42  3:40  Probe  
  45  3:54  Pylon  
  46  3:59  Stalker  
  46  4:05  Pylon  
  46  4:07  Probe  
  46  4:11  Blink (Chrono Boost)  
  46  4:12  Probe, Forge  
  46  4:13  Stalker  
  49  4:19  Probe  
  49  4:23  Stalker  
  52  4:24  Probe  
  52  4:28  Pylon  
  51  4:31  Probe  
  51  4:36  Probe  
  53  4:40  Assimilator  
  53  4:41  Robotics Facility  
  53  4:42  Protoss Ground Weapons Level 1 (Chrono Boost)  
  53  4:43  Probe  
  54  4:48  Probe  
  54  4:51  Assimilator  
  55  4:53  Stalker  
  55  4:55  Probe  
  55  4:59  Pylon  
  58  5:02  Probe  
  59  5:08  Gateway x2, Probe  
  61  5:14  Probe  
  61  5:18  Dark Shrine  
  61  5:20  Probe  
  62  5:22  Shield Battery  
  62  5:28  Immortal (Chrono Boost)  
  62  5:34  Stalker  
  68  5:39  Stalker  
  70  5:50  Pylon  
  68  5:58  Stalker  
  68  6:00  Observer  
  71  6:04  Pylon  
  71  6:10  Probe x2  
  73  6:21  Nexus  
  73  6:23  Pylon  
  73  6:24  Pylon  
  73  6:30  Stalker  
  73  6:32  Stalker  
  77  6:33  Dark Templar x2  
  81  6:42  Shield Battery  
  81  6:49  Immortal  
  81  6:50  Protoss Ground Weapons Level 2 (Chrono Boost)  
  83  6:54  Stalker  
  83  6:57  Stalker  
  87  7:03  Probe  
  87  7:05  Probe  
  87  7:06  Stalker  
  91  7:09  Stalker  
  91  7:16  Gateway  
  91  7:22  Stalker, Gateway  
  93  7:27  Stalker  
  87  7:40  Stalker  
  87  7:43  Stalker  
  81  7:49  Stalker  
  77  7:51  Stalker  
  77  7:53  Immortal (Chrono Boost)  
  77  7:56  Shield Battery  
  81  8:04  Stalker  
  83  8:07  Stalker  
  85  8:14  Stalker x2  
  85  8:15  Stalker  
  91  8:20  Pylon  
  91  8:30  Stalker x2  
  92  8:38  Gateway x2  
  92  8:41  Pylon  
  90  8:49  Stalker  
  92  8:57  Stalker x3  
  98  9:11  Nexus  
  98  9:17  Stalker  
  100  9:31  Stalker x3  
  98  9:35  Stalker  
  98  9:37  Sentry  
  98  9:38  Sentry  
  101  9:51  Stalker  
  75  9:54  Stalker x2  
  75  9:56  Stalker  
  81  10:00  Stalker  
  79  10:10  Stalker x2  

Tags
 
Add a new tag
Caveats
  • Supply blocks, unpowered buildings, or Contaminate may cause inaccurate times.
  • Supply counts are checked every 10 seconds.